 Dungeon Crawl Stone Soup version 0.27-a0-1281-ge233d83751 (webtiles) character file.

Game seed: 6983348989336820020

31462 night the Frost Mage (level 13, 0/94 HPs)
             Began as a Demonspawn Ice Elementalist on June 13, 2021.
             Was an Initiate of Gozag.
             Slain by a skeletal warrior (6 damage)
             ... in a volcano.
             The game lasted 00:52:43 (17795 turns).

night the Frost Mage (Demonspawn Ice Elementalist) Turns: 17795, Time: 00:52:43

Health: 0/94       AC: 26    Str: 11    XL:     13   Next: 26%
Magic:  26/28      EV: 12    Int: 26    God:    Gozag
Gold:   1617       SH:  5    Dex: 13    Spells: 23/35 levels left

rFire    . . .     SeeInvis .     - Unarmed
rCold    . . .     Faith    .   L - +0 buckler
rNeg     . . .     Spirit   .   s - +1 steam dragon scales
rPois    +         Reflect  .   (no helmet)
rElec    .         Harm     .   (no cloak)
rCorr    +         Rampage  .   (gloves unavailable)
Will     .....                  G - +0 pair of boots
Stlth    ++........             S - amulet of the acrobat
HPRegen  0.25/turn              f - +6 ring of intelligence
MPRegen  0.21/turn              n - ring of resist corrosion

@: ice-armoured, sanguine armoured
A: claws 3, spiny 2, sanguine armour 2, condensation shield, hooves 1, poison
resistance
a: Renounce Religion, Potion Petition, Call Merchant, Bribe Branch


You were in a volcano.
You worshipped Gozag.
Gozag was most pleased with you.
You visited 4 branches of the dungeon, and saw 15 of its levels.
You also visited: Volcano.

You collected 4426 gold pieces.
You spent 480 gold pieces at shops.
You paid 2329 gold pieces to Gozag.

Inventory:

Hand Weapons
 u - a +2 whip of electrocution
Missiles
 c - 5 javelins
 e - 350 stones
 h - 235 arrows
 j - a curare-tipped dart
 q - 152 bolts
 r - 61 poisoned darts (quivered)
 v - 15 boomerangs
 C - 71 sling bullets
 H - 2 boomerangs of dispersal
 O - 6 atropa-tipped darts
Armour
 a - a +0 robe
 s - +1 steam dragon scales (worn)
 G - a +0 pair of boots (worn)
 L - a +0 buckler (worn)
Magical Staves
 N - a staff of cold
Jewellery
 f - a +6 ring of intelligence (left claw)
 g - a ring of protection from cold
 n - a ring of resist corrosion (right claw)
 M - a ring of flight
 S - an amulet of the acrobat (around neck)
Wands
 o - a wand of digging (2)
 F - a wand of mindburst (8)
 J - a wand of polymorph (16)
 R - a wand of iceblast (8)
Scrolls
 b - 8 scrolls of identify
 d - 3 scrolls of teleportation
 x - a scroll of summoning
 y - 2 scrolls of enchant weapon
 K - a scroll of amnesia
 P - a scroll of enchant armour
 Q - a scroll of fear
 U - a scroll of blinking
Potions
 i - a potion of might
 k - a potion of mutation
 l - 2 potions of lignification
 m - 8 potions of curing
 p - 2 potions of attraction {unknown}
 t - 2 potions of cancellation
 w - 2 potions of berserk rage {unknown}
 z - 2 potions of flight {unknown}
 A - 4 potions of heal wounds
 D - a potion of magic {unknown}
 T - a potion of resistance {unknown}


   Skills:
 + Level 6.5 Fighting
 - Level 1.7 Dodging
 - Level 1.7 Stealth
 - Level 4.0 Shields
 + Level 6.6 Unarmed Combat
 + Level 11.8 Spellcasting
 - Level 8.2 Translocations
 + Level 12.2 Ice Magic


You had 23 spell levels left.
You knew the following spells:

 Your Spells              Type           Power      Damage    Failure   Level
a - Freeze                Ice            100%       1d11      1%          1
b - Frozen Ramparts       Ice            100%       1d12      1%          3
c - Ozocubu's Armour      Ice            68%        N/A       1%          3
d - Manifold Assault      Tloc           55%        N/A       3%          5

Your spell library contained the following spells:

 Spells                   Type           Power      Damage    Failure   Level
 Blink                    Tloc           N/A        N/A       1%          2
 Gell's Gravitas          Tloc           27%        N/A       1%          3
 Lesser Beckoning         Tloc           27%        N/A       1%          3
 Teleport Other           Tloc           55%        N/A       1%          3
 Animate Skeleton         Necr           30%        N/A       3%          1
 Pain                     Necr           60%        1d7       3%          1
 Hailstorm                Conj/Ice       47%        3d11      3%          4
 Corpse Rot               Necr/Air       N/A        N/A       6%          2
 Metabolic Englaciation   Hex/Ice        23%        N/A       9%          5
 Confusing Touch          Hex            15%        N/A       12%         3
 Stone Arrow              Conj/Erth      30%        3d8       12%         3
 Vampiric Draining        Necr           7%         2d7       12%         3
 Summon Forest            Summ/Tloc      18%        N/A       21%         5
 Animate Dead             Necr           7%         N/A       36%         4
 Petrify                  Tmut/Erth      15%        N/A       36%         4
 Agony                    Necr           15%        N/A       71%         5
 Yara's Violent Unravell  Hex/Tmut       7%         3d5       71%         5
 Eringya's Noxious Bog    Tmut/Pois      7%         N/A       99%         6
 Summon Hydra             Summ           7%         N/A       100%        7


Dungeon Overview and Level Annotations

Branches:
Dungeon (11/15)            Temple (1/1) D:6            Lair (1/6) D:11
    Orc (2/2) D:9         Volcano (1/1)
    Elf: Orc:2

Altars:
Ashenzari
Cheibriados
Dithmenos
Elyvilon
Fedhas
Gozag
Hepliaklqana
Kikubaaqudgha
Makhleb
Nemelex Xobeh
Okawaru
Qazlal
Ru
Sif Muna
Trog
Uskayaw
Vehumet
Wu Jian
Xom
Yredelemnul
Zin
The Shining One
Beogh

Shops:
D:11 =*

Annotations:
D:8 3 runed translucent doors, Ge0ff's ghost, novice DDFi
D:11 1 runed translucent door
Orc:2 Donald


Innate Abilities, Weirdness & Mutations

You have claws for hands.
You are mostly covered in sharp spines.
When seriously injured, your bleeding wounds create thick armour. (AC +9)
A meltable shield of frost defends you. (SH +0)
You have large cloven feet.
Your system is resistant to poisons. (rPois)


Message History

There is an open door here.
You open the door.
There is an open door here.
You open the door.
A skeletal warrior comes into view. It is wielding a +0 halberd of flaming.
There is an open door here.
The helpless skeletal warrior fails to defend itself.
You scratch the skeletal warrior.
The skeletal warrior is lightly damaged.
The skeletal warrior hits you with a +0 halberd of flaming!
Your condensation shield dissipates!
The skeletal warrior burns you.
Casting: Frozen Ramparts (safe; 1% risk of failure)
Confirm with . or Enter, or press ? or * to list all spells.
A film of ice covers your body!
The skeletal warrior hits you with a +0 halberd of flaming!
* * * LOW HITPOINT WARNING * * *
The skeletal warrior burns you.
* * * LOW HITPOINT WARNING * * *
The heat melts your icy armour.
Unknown command.
You scratch the skeletal warrior but do no damage.
The skeletal warrior is lightly damaged.
You block the skeletal warrior's attack.
You scratch the skeletal warrior but do no damage.
The skeletal warrior is lightly damaged.
The skeletal warrior is struck by your spines.
The skeletal warrior barely misses you.
You scratch the skeletal warrior but do no damage.
The skeletal warrior is lightly damaged.
You claw the skeletal warrior!
The skeletal warrior is moderately damaged.
You block the skeletal warrior's attack.
You closely miss the skeletal warrior.
The skeletal warrior is moderately damaged.
The skeletal warrior hits you with a +0 halberd of flaming!!
* * * LOW HITPOINT WARNING * * *
The skeletal warrior burns you.
You die...
Your body crumbles into a pile of gold.

###......#####...#...#
#................#...#
###)#..#.#####...#...#
..+).....# ######'##
###)#..#.#####...')..#
#................#...#
###......#####...#...#
##.##.## #######'#
#.##.# +^.@z#..###
#.##.#######'###..).#
.##...#...#...#'####
.##...#...'...#))# $$$
#...'...#...').#
################


You could see a skeletal warrior.

Vanquished Creatures
  An orc warlord (Orc:1)
  Nessos (Orc:2)
  An ice dragon (shapeshifter) (D:10)
  3 two-headed ogres
  3 orc high priests
  A skeletal warrior (Volcano)
  3 anaconda skeletons (Volcano)
  2 orc knights (Orc:1)
  3 orc sorcerers (Orc:1)
  3 cyclopes (D:11)
  A manticore (D:11)
  A deep elf pyromancer (D:11)
  An elephant (D:11)
  Maggie (D:6)
  5 gargoyles
  2 kobold demonologists
  3 trolls
  A harpy skeleton (Volcano)
  Prince Ribbit (D:7)
  A centaur simulacrum (D:11)
  3 flying skulls (Volcano)
  Sigmund (D:3)
  31 yaks
  3 alligator skeletons (Volcano)
  A wraith (D:11)
  A basilisk (D:11)
  3 vampire mosquitoes (D:11)
  A warg (Orc:1)
  2 acid dragons
  3 water moccasins
  27 orc warriors
  2 ice beasts
  4 black bears
  A sky beast (D:5)
  A necrophage (D:6)
  6 ogres
  3 centaurs
  5 kobold brigands
  4 bullfrogs
  A wyvern zombie (D:7)
  2 gnoll sergeants
  2 scorpions
  A wyvern skeleton (D:6)
  3 wights (D:9)
  2 spriggan skeletons (Volcano)
  20 killer bees
  2 howler monkeys (D:8)
  3 vampire bats (D:5)
  3 electric eels (D:5)
  5 hounds
  4 centaur zombies
  A bullfrog skeleton (D:5)
  17 orc priests
  A centaur skeleton (D:7)
  An iguana (D:5)
  24 orc wizards
  2 naga skeletons (Volcano)
  11 gnolls
  2 howler monkey zombies
  3 adders
  2 white imps (D:6)
  An ufetubus (D:6)
  An adder zombie (D:5)
  2 worms
  A dart slug (D:4)
  46 orcs
  12 bats
  9 endoplasms
  5 giant cockroaches
  7 goblins
  9 hobgoblins
  19 jackals
  3 quokkas
  6 ball pythons
  A frilled lizard (D:3)
  31 kobolds
  5 rats
410 creatures vanquished.

Vanquished Creatures (others)
  2 plants (D:5)
2 creatures vanquished.

Grand Total: 412 creatures vanquished

Notes
Turn   | Place    | Note
-------+----------+-------------------------------------------
     0 | D:1      | night the Demonspawn Ice Elementalist began the quest for
                  | the Orb.
     0 | D:1      | Reached XP level 1. HP: 13/13 MP: 3/3
   286 | D:1      | Gained mutation: You have sharp fingernails. [demonic
                  | ancestry]
   286 | D:1      | Reached XP level 2. HP: 18/19 MP: 3/5
   447 | D:1      | Found a faded altar of an unknown god.
   570 | D:1      | Reached skill level 4 in Ice Magic
   997 | D:1      | Reached XP level 3. HP: 24/24 MP: 5/7
  1001 | D:1      | Learned a level 3 spell: Frozen Ramparts
  1686 | D:2      | Found an opulent altar of Gozag.
  1694 | D:2      | Became a worshipper of Gozag Ym Sagoz the Greedy
  1765 | D:2      | Learned a level 3 spell: Ozocubu's Armour
  2129 | D:2      | Gained mutation: When seriously injured, your bleeding
                  | wounds create armour. (AC +9) [demonic ancestry]
  2129 | D:2      | Reached XP level 4. HP: 22/30 MP: 2/8
  2947 | D:3      | Noticed Sigmund
  2972 | D:3      | Killed Sigmund
  2973 | D:3      | Reached skill level 5 in Ice Magic
  2973 | D:3      | Reached XP level 5. HP: 25/35 MP: 3/11
  3155 | D:3      | Reached XP level 6. HP: 41/41 MP: 8/12
  3333 | D:3      | Noticed an angel
  3778 | D:4      | Reached skill level 5 in Spellcasting
  3778 | D:4      | Reached skill level 6 in Ice Magic
  3778 | D:4      | Reached XP level 7. HP: 32/46 MP: 6/14
  4599 | D:5      | Entered Level 5 of the Dungeon
  4768 | D:5      | Found a transporter.
  4805 | D:5      | Found a transporter.
  5638 | D:5      | Reached skill level 7 in Ice Magic
  5829 | D:5      | Gained mutation: You have very sharp fingernails. [demonic
                  | ancestry]
  5829 | D:5      | Reached XP level 8. HP: 52/52 MP: 10/17
  6086 | D:5      | Noticed a two-headed ogre
  6152 | D:5      | Killed a two-headed ogre
  6153 | D:5      | Reached skill level 8 in Ice Magic
  6715 | D:5      | HP: 7/52 [poisoned by a killer bee]
  6716 | D:5      | Gained mutation: You are partially covered in sharp spines.
                  | [demonic ancestry]
  6716 | D:5      | Reached XP level 9. HP: 8/57 MP: 13/20
  6720 | D:5      | HP: 4/57 [poisoned by a killer bee]
  7183 | D:6      | Noticed Maggie
  7190 | D:6      | Killed Maggie
  7191 | D:6      | Reached skill level 9 in Ice Magic
  7367 | D:6      | Upgraded the game from 0.27-a0-1278-g6cbc8dfb29 to
                  | 0.27-a0-1281-ge233d83751
  7541 | D:6      | Identified the +5 rapier "Jynif" {holy, +Blink Str+3 Int+2}
  7700 | D:6      | Found a staircase to the Ecumenical Temple.
  7721 | Temple   | Entered the Ecumenical Temple
  8720 | D:7      | Noticed Prince Ribbit
  8743 | D:7      | Killed Prince Ribbit
  9034 | D:7      | Reached skill level 10 in Ice Magic
  9418 | D:8      | Gained mutation: You have claws for hands. [demonic
                  | ancestry]
  9418 | D:8      | Reached XP level 10. HP: 48/63 MP: 17/23
 10342 | D:8      | Found a runed translucent gate.
 10342 | D:8      | Found a runed translucent gate.
 10349 | D:8      | Found a runed translucent gate.
 10349 | D:8      | Noticed Ge0ff's ghost (novice DDFi)
 10721 | D:9      | Found a staircase to the Orcish Mines.
 10753 | D:9      | Reached skill level 10 in Spellcasting
 11382 | D:9      | Reached skill level 1 in Fighting
 11387 | D:9      | Reached skill level 1 in Shields
 11432 | D:9      | Reached skill level 11 in Ice Magic
 11621 | D:10     | Entered Level 10 of the Dungeon
 11649 | D:10     | Reached skill level 2 in Fighting
 11743 | D:10     | Noticed an ice dragon
 11752 | D:10     | HP: 9/67 [ice dragon (shapeshifter) (8)]
 11753 | D:10     | Killed an ice dragon
 11754 | D:10     | Reached skill level 2 in Shields
 12081 | D:10     | Gained mutation: A meltable shield of frost defends you.
                  | (SH +0) [demonic ancestry]
 12081 | D:10     | Reached XP level 11. HP: 53/74 MP: 19/25
 12376 | D:10     | Identified the -1 cloak of Untruth {-Tele Fly rC++ Int+2}
 12531 | D:10     | Noticed a two-headed ogre
 12552 | D:10     | Killed a two-headed ogre
 13154 | D:11     | Reached skill level 5 in Fighting
 13179 | D:11     | Found a hazy altar of Hepliaklqana.
 13344 | D:11     | Found a staircase to the Lair.
 13352 | D:11     | Noticed a two-headed ogre
 13366 | D:11     | Killed a two-headed ogre
 13367 | D:11     | Reached skill level 12 in Ice Magic
 13451 | D:11     | Learned a level 5 spell: Manifold Assault
 13599 | D:11     | Reached skill level 1 in Translocations
 13671 | D:11     | Noticed a deep elf pyromancer
 13684 | D:11     | Killed a deep elf pyromancer
 13989 | D:11     | Found a runed translucent door.
 13990 | D:11     | Noticed a sixfirhy
 14046 | D:11     | Reached skill level 2 in Translocations
 14046 | D:11     | Gained mutation: You are mostly covered in sharp spines.
                  | [demonic ancestry]
 14046 | D:11     | Reached XP level 12. HP: 88/88 MP: 21/27
 14545 | D:11     | Bought a paperback book for 480 gold pieces
 14630 | Orc:1    | Entered Level 1 of the Orcish Mines
 14645 | Orc:1    | Reached skill level 5 in Translocations
 14997 | Orc:1    | Noticed an orc warlord
 15000 | Orc:1    | Reached skill level 1 in Unarmed Combat
 15478 | Orc:1    | Killed an orc warlord
 15479 | Orc:1    | Reached skill level 2 in Unarmed Combat
 15902 | Orc:1    | Noticed an orc high priest
 15912 | Orc:1    | Killed an orc high priest
 15924 | Orc:1    | Gained mutation: Armour fits poorly on your strangely
                  | shaped body. [a neqoxec]
 16089 | Orc:1    | Noticed an orc high priest
 16089 | Orc:1    | Identified the +2 leather armour of Dis Adghy {Str+7 Slay-2
                  | Stlth+}
 16105 | Orc:1    | Killed an orc high priest
 16121 | Orc:1    | Reached skill level 5 in Unarmed Combat
 16621 | Orc:2    | Entered Level 2 of the Orcish Mines
 16636 | Orc:2    | Noticed Nessos
 16644 | Orc:2    | Killed Nessos
 16743 | Orc:2    | Noticed an orc high priest
 16757 | Orc:2    | Killed an orc high priest
 16758 | Orc:2    | Gained mutation: When seriously injured, your bleeding
                  | wounds create thick armour. (AC +9) [demonic ancestry]
 16758 | Orc:2    | Reached XP level 13. HP: 49/93 MP: 20/28
 16766 | Orc:2    | Noticed Donald
 17124 | Lair:1   | Entered Level 1 of the Lair of Beasts
 17157 | Lair:1   | Found a dark tunnel.
 17166 | Volcano  | Entered a volcano
 17313 | Volcano  | Lost mutation: Armour fits poorly on your strangely shaped
                  | body. [potion of mutation]
 17313 | Volcano  | Gained mutation: You are agile. (Dex +2) [potion of
                  | mutation]
 17331 | Volcano  | HP: 13/93 [gargoyle/stone arrow (6)]
 17333 | Volcano  | HP: 6/93 [gargoyle/stone arrow (16)]
 17752 | Volcano  | Lost mutation: You are agile. (Dex +2) [potion of mutation]
 17752 | Volcano  | Gained mutation: Your system is resistant to poisons.
                  | (rPois) [potion of mutation]
 17752 | Volcano  | Gained mutation: You have large cloven feet. [potion of
                  | mutation]
 17795 | Volcano  | HP: 6/94 [skeletal warrior (18)]
 17795 | Volcano  | Slain by a skeletal warrior

Illustrated notes

Levels and vault maps discovered:
D:1:      dpeg_arrival_simpleton_b, layout_basic,
          shapermc_ecumenical_altar_starsandcircs
D:2:      layout_loops_ring, basic_altar
D:3:      layout_rooms, zin_angel, uniq_sigmund
D:4:      layout_basic, item_on_display_a
D:5:      gammafunk_steamed_eel, layout_basic, minmay_misc_feat_rugged,
          roderic_batcave, kennysheep_opposing_triangles
D:6:      layout_rooms, minmay_temple_entry_wispy, minmay_misc_feat_ornament,
          hangedman_abyss_or_decor_passed, uniq_maggie
D:7:      layout_rooms, uniq_prince_ribbit1
D:8:      layout_basic, gammafunk_ghost_necromancy
D:9:      layout_basic, orc_0_dummy
D:10:     layout_loops_ring
D:11:     cheibrodos_shockbox, layout_stronghold, david_lair_generic,
          minmay_ruined_shrine
Temple:   nicolae_temple_the_god_donut
Lair:1:   layout_cave_shapes, lightli_volcano_entry_magma_tube,
          wad_woods_river_04
Orc:1:    orc_temple, layout_caves
Orc:2:    st_orc_congregation, layout_caves, minmay_orc_temple_a, uniq_donald,
          uniq_snorg, uniq_nessos
Volcano:  volcano_tomb [vts_chambers]

Skill      XL: |  1  2  3  4  5  6  7  8  9 10 11 12 |
---------------+-------------------------------------+-----
Ice Magic      | 4 5 6 7 8 10 11 12 | 12.2
Spellcasting   | 3 4 5 6 7 9 10 11 | 11.8
Fighting       | 2 6 |  6.5
Shields        | 2 4 |  4.0
Translocations | 2 8 |  8.2
Unarmed Combat | 6 |  6.6
Dodging        | |  1.7
Stealth        | |  1.7

Action                   |  1- 3 |  4- 6 |  7- 9 | 10-12 | 13-15 || total
-------------------------+-------+-------+-------+-------+-------++-------
Melee: Unarmed           |    41 |    26 |       |       |   120 ||   187
       Whip              |       |       |   125 |   318 |     4 ||   447
Throw: Javelin           |       |    10 |     1 |       |       ||    11
       Boomerang         |       |       |     9 |       |       ||     9
       Dart              |       |       |     8 |     9 |       ||    17
 Cast: Freeze            |    42 |    10 |     2 |     3 |       ||    57
       Frozen Ramparts   |     8 |    12 |    39 |    70 |     8 ||   137
       Ozocubu's Armour  |       |     4 |    19 |    44 |     8 ||    75
       Manifold Assault  |       |       |       |    22 |     6 ||    28
Invok: Potion Petition   |       |       |     1 |     1 |       ||     2
       Call Merchant     |       |       |       |     2 |       ||     2
Evoke: Wand              |       |       |    12 |    10 |     1 ||    23
  Use: Scroll            |     5 |     2 |     4 |     3 |     1 ||    15
       Potion            |       |       |       |       |     8 ||     8
 Stab: Sleeping          |       |       |     2 |       |     1 ||     3
       Distracted        |       |       |       |     3 |       ||     3
Armor: Robe              |     9 |    15 |    20 |       |       ||    44
       Ring mail         |       |     1 |       |       |       ||     1
       Steam dragon scal |       |       |    15 |   121 |    41 ||   177
Dodge: Dodged            |    43 |    38 |   127 |   185 |    36 ||   429
Block: Buckler           |       |       |       |    98 |    50 ||   148

Table legend: (Time is in decaauts)
 A = Elapsed time spent in this place.
 B = Non-inter-level travel time spent in this place.
 C = Inter-level travel time spent in this place.
 D = Time resting spent in this place.
 E = Time spent auto-exploring this place.
 F = Levels seen in this place.
 G = Mean time per level.
                   A        B        C        D        E       F      G
               +--------+--------+--------+--------+--------+-----+--------+
         Total |  17822 |  17408 |    414 |   3317 |  10695 |  16 | 1113.9 |
       Dungeon |  14560 |  14206 |    354 |   2389 |   9446 |  11 | 1323.6 |
        Temple |    249 |    238 |     11 |      0 |    238 |   1 |  249.0 |
          Lair |     41 |     41 |      0 |      0 |      0 |   1 |   41.0 |
  Orcish Mines |   2355 |   2306 |     49 |    706 |    965 |   2 | 1177.5 |
       Volcano |    614 |    614 |      0 |    222 |     46 |   1 |  614.0 |
               +--------+--------+--------+--------+--------+-----+--------+

Top non-repeatable levels by time:
     D:5: 2415 daAuts
   Orc:1: 2154 daAuts
    D:10: 1542 daAuts
     D:1: 1531 daAuts
    D:11: 1498 daAuts
     D:8: 1220 daAuts
     D:4: 1178 daAuts
     D:9: 1170 daAuts
     D:6: 1076 daAuts
     D:7: 1030 daAuts
     D:2: 1012 daAuts
     D:3: 883 daAuts
 Volcano: 614 daAuts
  Temple: 249 daAuts
   Orc:2: 201 daAuts
